Map: Battle on the Boardwalk LE

Players

Solar

  • Race: Zerg Zerg
  • Spawn Location: 1:00

Zest - Winner!

  • Race: Protoss Protoss
  • League: Master
  • Spawn Location: 11:00

Event: HomeStory Cup XVI

VOD

Have the link to the VOD?

Description

Time

  • Played on: Nov. 12, 2017, 4:02 p.m.
  • Length: 13:00

All games in this series

Show
View Real Time Build Order
Export as new Build Order

Solar Zerg 

Build Orders: Hatch First, Swarm Host 

Get SALT Encoding   

  12  0:00  Drone  
  13  0:12  Overlord  
  13  0:17  Drone  
  14  0:31  Drone x2  
  14  0:35  Drone  
  17  0:51  Hatchery  
  17  0:54  Drone  
  17  0:57  Drone  
  17  1:03  Extractor  
  17  1:13  Spawning Pool  
  17  1:15  Drone  
  17  1:19  Drone  
  18  1:28  Drone  
  19  1:39  Overlord  
  19  1:52  Drone  
  20  2:00  Queen  
  22  2:01  Drone  
  22  2:03  Queen, Zergling x2  
  26  2:11  Drone  
  26  2:14  Drone  
  28  2:22  Drone  
  29  2:25  Drone  
  30  2:33  Drone  
  30  2:35  Overlord  
  31  2:38  Queen  
  31  2:39  Lair  
  31  2:44  Drone  
  34  2:47  Drone  
  35  2:52  Extractor  
  35  2:56  Drone  
  35  2:57  Drone, Roach Warren  
  35  3:05  Drone  
  36  3:09  Drone x3  
  36  3:12  Drone x2  
  41  3:16  Overlord  
  41  3:19  Evolution Chamber  
  40  3:21  Drone  
  40  3:25  Drone  
  42  3:27  Drone  
  43  3:36  Glial Reconstitution  
  43  3:38  Roach x2  
  43  3:41  Roach  
  49  3:43  Roach  
  49  3:48  Overlord  
  51  3:53  Overlord  
  51  3:58  Overlord  
  51  4:02  Roach, Extractor  
  53  4:05  Overlord  
  53  4:06  Roach  
  53  4:07  Roach  
  53  4:08  Ravager x2  
  59  4:11  Roach  
  59  4:14  Overlord  
  63  4:17  Roach  
  63  4:19  Roach  
  63  4:22  Roach  
  67  4:26  Roach  
  67  4:31  Roach  
  71  4:33  Roach  
  71  4:35  Queen  
  74  4:38  Roach  
  74  4:41  Extractor  
  74  4:43  Roach  
  77  4:47  Overlord  
  77  4:48  Roach  
  77  4:51  Roach  
  81  4:56  Roach  
  83  5:02  Roach  
  83  5:03  Overlord  
  83  5:05  Evolution Chamber  
  84  5:07  Drone  
  84  5:10  Roach x2  
  89  5:14  Overlord  
  89  5:18  Roach  
  89  5:20  Drone x2  
  93  5:26  Overseer  
  93  5:28  Drone x2  
  94  5:30  Roach  
  94  5:32  Overlord  
  97  5:39  Roach  
  99  5:46  Zerg Missile Weapons Level 1  
  99  5:47  Drone x2  
  101  5:52  Drone  
  102  5:57  Drone  
  102  5:58  Hatchery  
  102  6:05  Drone  
  102  6:07  Drone x4  
  102  6:09  Overlord  
  107  6:13  Roach  
  107  6:20  Ravager  
  107  6:24  Roach x4  
  116  6:26  Overlord  
  116  6:29  Roach  
  116  6:30  Ravager  
  116  6:32  Roach  
  121  6:35  Roach  
  121  6:37  Roach  
  125  6:40  Overlord  
  125  6:43  Roach  
  127  6:49  Overlord  
  127  6:51  Drone  
  128  6:59  Drone  
  128  7:00  Drone x5  
  132  7:06  Infestation Pit  
  132  7:08  Drone  
  132  7:09  Extractor  
  132  7:10  Drone x2  
  132  7:13  Extractor  
  132  7:16  Drone  
  132  7:19  Overlord  
  133  7:25  Drone  
  133  7:26  Drone  
  133  7:27  Overlord  
  135  7:30  Overlord  
  135  7:33  Overseer  
  135  7:34  Overlord  
  135  7:36  Drone  
  136  7:41  Extractor, Drone x3  
  138  7:46  Swarm Host x5  
  138  7:50  Swarm Host x2  
  159  7:53  Swarm Host  
  162  8:05  Zerg Missile Weapons Level 2  
  162  8:11  Queen  
  164  8:13  Roach x3  
  164  8:19  Swarm Host x2  
  169  8:26  Roach x3  
  160  8:29  Overlord  
  160  8:31  Roach x2  
  147  8:35  Roach  
  147  8:40  Roach  
  139  8:44  Roach  
  117  8:48  Roach  
  117  8:53  Roach  
  110  8:59  Drone  
  110  9:00  Drone x4  
  112  9:03  Drone  
  112  9:06  Drone  
  112  9:08  Drone  
  116  9:17  Drone  
  116  9:18  Drone  
  116  9:23  Roach x2  
  112  9:27  Roach  
  112  9:30  Roach  
  116  9:31  Ravager  
  116  9:34  Zergling x2  
  116  9:38  Roach  
  120  9:39  Roach  
  112  9:47  Roach x2  
  112  9:49  Roach  
  105  9:53  Roach  
  105  9:58  Roach  
  104  10:02  Roach  
  104  10:05  Zergling x2  
  104  10:06  Queen  
  105  10:07  Roach  
  105  10:10  Drone x2  
  107  10:16  Roach  
  107  10:18  Roach  
  111  10:24  Roach  
  111  10:27  Roach  
  112  10:34  Roach x2  
  103  10:36  Roach  
  103  10:39  Drone x2  
  105  10:43  Ravager  
  105  10:48  Ravager  
  107  10:51  Roach, Queen  
  111  10:58  Drone x2  
  111  10:59  Drone x3  
  111  11:02  Roach  
  118  11:05  Roach  
  118  11:09  Roach  
  124  11:11  Roach  
  124  11:13  Roach  
  126  11:21  Roach  
  126  11:22  Roach x2  
  132  11:28  Drone  
  132  11:31  Roach  
  133  11:35  Roach x2  
  133  11:39  Ravager x2, Queen  
  137  11:43  Roach  
  137  11:46  Roach  
  143  11:47  Roach  
  143  11:51  Roach  
  143  11:53  Roach  
  149  11:57  Roach  
  150  12:06  Roach x3  
  155  12:10  Roach  
  155  12:15  Overlord  
  157  12:16  Ravager x3  
  160  12:25  Overlord  
  160  12:27  Overlord  
  160  12:29  Overlord  
  160  12:34  Roach x2  
  142  12:38  Roach  
Show
View Real Time Build Order
Export as new Build Order

Zest Protoss - Winner!

Build Orders: 1 Gate Expand, Archon Immortal, Zealot Archon 

Get SALT Encoding   

  12  0:02  Probe (Chrono Boost)  
  14  0:14  Probe (Chrono Boost)  
  14  0:17  Pylon  
  14  0:25  Probe (Chrono Boost)  
  15  0:31  Probe (Chrono Boost)  
  15  0:38  Gateway  
  15  0:40  Probe (Chrono Boost)  
  17  0:46  Assimilator  
  17  0:52  Probe (Chrono Boost)  
  19  1:05  Probe (Chrono Boost)  
  19  1:17  Probe (Chrono Boost)  
  20  1:23  Nexus  
  20  1:32  Cybernetics Core  
  20  1:37  Probe (Chrono Boost)  
  21  1:40  Assimilator  
  21  1:49  Probe (Chrono Boost)  
  21  1:50  Pylon  
  22  1:57  Probe (Chrono Boost)  
  23  2:04  Probe (Chrono Boost)  
  23  2:08  Stalker, Warp Gate  
  27  2:16  Probe (Chrono Boost)  
  27  2:28  Probe (Chrono Boost)  
  28  2:30  Robotics Facility  
  29  2:37  Probe (Chrono Boost)  
  29  2:41  Probe (Chrono Boost)  
  30  2:51  Adept, Twilight Council  
  30  2:57  Probe (Chrono Boost)  
  34  2:59  Immortal, Probe (Chrono Boost)  
  34  3:07  Charge  
  38  3:22  Gateway x2  
  38  3:26  Warp Prism  
  38  3:30  Gateway  
  38  3:32  Gateway  
  40  3:46  Gateway  
  40  3:48  Pylon  
  40  3:52  Gateway  
  40  4:00  Gateway  
  40  4:02  Pylon  
  40  4:13  Probe x2 (Chrono Boost)  
  40  4:14  Pylon  
  42  4:22  Zealot x3, Pylon  
  48  4:26  Zealot  
  50  4:50  Zealot x2  
  54  4:56  Pylon  
  54  4:57  Probe x2 (Chrono Boost)  
  56  5:03  Probe (Chrono Boost)  
  56  5:06  Assimilator  
  56  5:07  Assimilator  
  56  5:09  Probe (Chrono Boost)  
  56  5:11  Forge, Probe (Chrono Boost)  
  56  5:12  Immortal, Templar Archives  
  58  5:21  Probe (Chrono Boost)  
  58  5:23  Probe (Chrono Boost)  
  63  5:30  Pylon  
  63  5:34  Shield Battery  
  63  5:36  Pylon  
  63  5:39  Probe x2 (Chrono Boost)  
  63  5:41  Immortal  
  65  5:45  Protoss Ground Weapons Level 1  
  69  6:00  Probe x2 (Chrono Boost)  
  71  6:06  Pylon  
  71  6:07  Nexus  
  71  6:11  Photon Cannon  
  71  6:12  Immortal  
  71  6:22  High Templar x2  
  79  6:26  Archon  
  79  6:28  Pylon  
  79  6:29  Pylon  
  79  6:32  Probe x2 (Chrono Boost)  
  81  6:34  Stalker  
  83  6:43  Immortal  
  83  6:51  Zealot x4  
  95  7:09  High Templar  
  95  7:10  High Templar, Zealot  
  95  7:13  Observer  
  95  7:14  Pylon x2  
  101  7:16  Archon  
  101  7:17  Probe (Chrono Boost)  
  101  7:18  Probe (Chrono Boost)  
  104  7:27  Warp Prism  
  104  7:31  Zealot x3  
  104  7:32  Zealot x2  
  119  7:45  Probe x3 (Chrono Boost)  
  119  7:46  Protoss Ground Weapons Level 2, Pylon  
  119  7:48  Pylon  
  119  7:55  Zealot x7  
  119  8:29  Zealot x7  
  119  8:32  Immortal  
  121  8:40  Probe (Chrono Boost)  
  88  8:51  Probe x2 (Chrono Boost)  
  77  8:57  Probe (Chrono Boost)  
  77  9:01  High Templar x6, Zealot  
  93  9:03  Probe (Chrono Boost)  
  93  9:04  Probe (Chrono Boost)  
  93  9:06  Assimilator  
  93  9:09  Probe (Chrono Boost)  
  90  9:10  Assimilator  
  90  9:14  Gateway  
  90  9:15  Gateway  
  90  9:17  Gateway  
  90  9:29  Archon  
  90  9:30  Archon  
  84  9:35  High Templar, Zealot  
  84  9:36  Zealot x3  
  91  9:39  Archon  
  91  9:43  Zealot x2  
  73  9:56  Zealot x4  
  81  10:04  Zealot x2  
  65  10:13  Immortal  
  64  10:17  Zealot x8  
  74  10:44  Nexus  
  74  10:47  Immortal  
  74  10:52  High Templar x2  
  74  10:53  High Templar x4  
  86  10:58  Archon x2  
  86  10:59  Archon  
  86  11:05  Observer  
  90  11:19  Sentry x2  
  90  11:40  Immortal  
  90  11:46  Nexus  
  94  11:55  High Templar x2  
  98  12:04  Zealot x4, Archon  
  98  12:05  Zealot x2  
  110  12:15  Sentry x2  
  85  12:44  Zealot x2  
  85  12:45  Zealot x8  
Tags
 
Add a new tag
Caveats
  • Supply blocks, unpowered buildings, or Contaminate may cause inaccurate times.
  • Supply counts are checked every 10 seconds.